 Dungeon Crawl Stone Soup version 0.18-a0-1562-gac8da35 (webtiles) character file.

43 dvd the Firebug (level 3, -4/19 HPs)
             Began as a Deep Elf Fire Elementalist on Mar 13, 2016.
             Slain by a white imp (5 damage)
             ... summoned by Natasha
             ... on level 2 of the Dungeon.
             The game lasted 00:03:04 (1447 turns).

dvd the Firebug (Deep Elf Fire Elementalist)        Turns: 1447, Time: 00:03:04

Health: -4/19      AC:  2    Str:  5    XL:     3   Next: 37%
Magic:  5/10       EV: 13    Int: 20    God:
Gold:   112        SH:  0    Dex: 15    Spells: 2 memorised, 6 levels left

rFire  . . .     SeeInvis .     h - +0 short sword
rCold  . . .     Gourm    .     a - +0 robe
rNeg   . . .     Faith    .     (no shield)
rPois  .         Spirit   .     (no helmet)
rElec  .         Dismiss  .     (no cloak)
rCorr  .         Reflect  .     (no gloves)
SustAt .         Harm     .     (no boots)
MR     .....                    (no amulet)
Stlth  ++........               (no ring)
                                (no ring)

@: not resistant to hostile enchantments, unstealthy
A: no striking features
a: no special abilities


You were on level 2 of the Dungeon.
You were hungry.

You visited 1 branch of the dungeon, and saw 2 of its levels.

You collected 112 gold pieces.

Inventory:

Hand Weapons
 h - a +0 short sword (weapon)
Armour
 a - a +0 robe (worn)
Scrolls
 d - a scroll of noise {unknown}
 e - a scroll of magic mapping {unknown}
 f - 2 scrolls of enchant armour {unknown}
 k - 2 scrolls of identify {unknown}
 m - a scroll of amnesia {unknown}
Potions
 i - 2 potions of curing {unknown}
 j - a potion of ambrosia {unknown}
 l - a potion of mutation {unknown}
 o - a potion of might {unknown}
Books
 b - a book of Flames

   Spells                             Type                      Level
   a - Flame Tongue                   Conjuration/Fire             1
   b - Throw Flame                    Conjuration/Fire             2
   c - Conjure Flame                  Conjuration/Fire             3
   d - Inner Flame                    Hexes/Fire                   3
   e - Sticky Flame                   Conjuration/Fire             4
   f - Fireball                       Conjuration/Fire             5
Comestibles
 c - a bread ration
 g - a beef jerky


   Skills:
 + Level 2.8 Dodging
 + Level 2.7 Stealth
 + Level 3.8 Spellcasting
 + Level 1.8 Conjurations
 + Level 3.8 Fire Magic


You had 6 spell levels left.
You knew the following spells:

 Your Spells              Type           Power        Failure   Level  Hunger
a - Flame Tongue          Conj/Fire      ###..        4%          1    None
b - Throw Flame           Conj/Fire      ###...       10%         2    ##.....


Dungeon Overview and Level Annotations

Branches:
Dungeon (2/15)

Altars:
Dithmenos

Annotations:
D:2 Natasha


Message History

Press: ? - help, Shift-Dir - straight line, f - jackal, p - Natasha
Aim: a jackal The flame tongue hits the jackal.
You kill the jackal!
Unknown command.
The jackal bites you but does no damage.
The jackal closely misses you.
Found a bread ration.
You barely miss the crimson imp. The jackal barely misses you.
The crimson imp hits you. The jackal barely misses you.
Natasha mumbles some strange words.
The crimson imp hits you. The white imp gestures at you.
The puff of frost hits you!
Ouch! That really hurt!
* * * LOW HITPOINT WARNING * * *
The jackal misses you. The crimson imp misses you. The white imp hits you.
* * * LOW HITPOINT WARNING * * *
The white imp freezes you.
You die...

# #.# ##<## #
#.###.5.# # #
####.##.###.####.
# #....#)## #.%..
# #.##...# #..# #
#.####.## ##..#
#.# ##5###...#
#.#
#....5..###### ##
#.#
#...hh@......( .#
#.#
#....5..######
.####.# #.......#
......# #.......#
####### ###.#.###
# #.... # ###.##
# #.# #


You could see an iron imp, Natasha, a crimson imp, a white imp and a jackal.

Vanquished Creatures
  An adder (D:2)
  A dart slug (D:2)
  A ball python (D:1)
  4 bats
  2 giant cockroaches (D:1)
  4 goblins
  3 hobgoblins
  3 jackals
  3 giant newts
  4 kobolds
  5 rats
31 creatures vanquished.

Notes
Turn   | Place    | Note
--------------------------------------------------------------
     0 | D:1      | dvd the Deep Elf Fire Elementalist began the quest for the Orb.
     0 | D:1      | Reached XP level 1. HP: 10/10 MP: 6/6
   429 | D:1      | Reached XP level 2. HP: 15/15 MP: 5/8
   440 | D:1      | Learned a level 2 spell: Throw Flame
  1094 | D:2      | Reached XP level 3. HP: 11/19 MP: 8/10
  1324 | D:2      | Found a shadowy altar of Dithmenos.
  1433 | D:2      | Noticed Natasha
  1447 | D:2      | Slain by a white imp

Vault maps used:
D:1:      dpeg_arrival_houses_and_road, minmay_misc_feat_roman
D:2:      lemuel_round_altar, first_bread, uniq_natasha

Action                   || total
-------------------------++-------
Melee: Short sword       ||     3
 Cast: Flame Tongue      ||    37
       Throw Flame       ||     8
 Stab: Sleeping          ||     2
  Eat: Chunk             ||     1
